 Dungeon Sprint DCSS version 0.24-a0-244-ga6a6ab7 (webtiles) character file.

Game seed: 15148611871097851976

971 MikeHunt the Martial Artist (level 7, -7/57 HPs)
             Began as a Yellow Draconian Monk on Apr 10, 2019.
             Was a Believer of Cheibriados.
             Mangled by an ice devil (20 damage)
             ... summoned by a kobold demonologist
             ... in the Dungeon (Sprint I: "Red Sonja").
             The game lasted 00:02:17 (571 turns).

MikeHunt the Martial Artist (Yellow Draconian Monk)  Turns: 571, Time: 00:02:18

Health: -7/57      AC:  6    Str: 19    XL:     7   Next: 94%
Magic:  8/11       EV: 22    Int: 17    God:    Cheibriados [**....]
Gold:   405        SH:  0    Dex: 21    Spells: 6/6 levels left

rFire    . . .     SeeInvis .     - Unarmed
rCold    . . .     Gourm    .   (no shield)
rNeg     . . .     Faith    .   (armour unavailable)
rPois    .         Spirit   .   (helmet restricted)
rElec    .         Reflect  .   (no cloak)
rCorr    +         Harm     .   (no gloves)
MR       .....     NoTele   +   (no boots)
Stlth    ++........             (no amulet)
HPRegen  0.19/turn              (no ring)
MPRegen  0.12/turn              (no ring)

@: slowed, very slow
A: spit acid, unfitting armour, cold-blooded, acid resistance, AC +6
a: Breathe Acid, Bend Time, Renounce Religion


You were in the Dungeon.
You worshipped Cheibriados.
Cheibriados was pleased with you.
You were not hungry.

You visited 1 branch You collected 405 gold pieces.

Inventory:

Scrolls
 g - a scroll of blinking
Potions
 c - a potion of heal wounds
 d - a potion of haste
 e - 2 potions of magic
 f - a potion of might {unknown}
Comestibles
 a - a ration


   Skills:
 - Level 3.2 Fighting
 + Level 11.0 Dodging
 - Level 1.7 Stealth
 + Level 11.8 Unarmed Combat
 + Level 6.0 Invocations


You had 6 spell levels left.
You didn't know any spells.
Your spell library was empty.

Dungeon Overview and Level Annotations

Branches:
Dungeon (1/1)

Altars:
Cheibriados
Dithmenos
Elyvilon
Fedhas
Gozag
Hepliaklqana
Kikubaaqudgha
Makhleb
Nemelex Xobeh
Okawaru
Qazlal
Ru
Sif Muna
Trog
Uskayaw
Vehumet
Wu Jian
Xom
Yredelemnul
Zin
The Shining One
Jiyva
Lugonu

Shops:
D !


Innate Abilities, Weirdness & Mutations

You can spit globs of acid.
Your golden yellow scales are hard. (AC +6)
You cannot fit into any form of body armour.
You are cold-blooded and may be slowed by cold attacks.
You are resistant to acid. (rCorr)


Message History

The kobold demonologist misses you.
You closely miss the kobold demonologist.
You tail-slap the kobold demonologist.
The kobold demonologist is heavily wounded.
You have got your breath back.
The kobold demonologist completely misses you.
You closely miss the kobold demonologist.
The kobold demonologist is heavily wounded.
The kobold demonologist looks encouraged for a moment.
The ice devil completely misses you.
You closely miss the kobold demonologist.
You tail-slap the kobold demonologist.
The kobold demonologist is heavily wounded.
The kobold demonologist misses you.
Press: ? - help, Shift-Dir - straight line, f - kobold demonologist
Aim: a kobold demonologist, wielding a +0 dagger and wearing a +0 robe (heavily wounded)
You fail to use your ability.
The ice devil hits you.
* * * LOW HITPOINT WARNING * * *
The ice devil freezes you!!
You feel yourself slow down.
You die...

#####################
.').#..'..#__#..@K5.#
.#..)..#..'..'..#45.#
###'#####'#__####5..+
##..#...#)#### ####
_####..##.#
____##'#_.+
.∩...'..._#
..__##_.#+# ____###+#


You could see an ice devil, a kobold demonologist, an iron imp and 2 quasits.

Vanquished Creatures
  A kobold demonologist (D)
  A slime creature (D)
  Sigmund (D)
  A yak (D)
  A floating eye (D)
  An ogre (D)
  A jelly (D)
  Ijyb (D)
8 creatures vanquished.

Notes
Turn   | Place    | Note
-------+----------+-------------------------------------------
     0 | D        | MikeHunt the Draconian Monk began the quest for the Orb.
     0 | D        | Reached XP level 1. HP: 19/19 MP: 1/1
     1 | D        | Noticed Ijyb
    12 | D        | Killed Ijyb
    12 | D        | Reached skill level 5 in Unarmed Combat
    12 | D        | Reached XP level 2. HP: 13/26 MP: 2/2
   147 | D        | Noticed an ogre
   153 | D        | Killed an ogre
   153 | D        | Reached XP level 3. HP: 31/31 MP: 3/3
   153 | D        | Reached XP level 4. HP: 38/38 MP: 4/4
   158 | D        | Noticed Sigmund
   187 | D        | Killed Sigmund
   187 | D        | Reached XP level 5. HP: 30/45 MP: 5/5
   187 | D        | Reached XP level 6. HP: 34/51 MP: 6/6
   295 | D        | Found an ornate altar of the Wu Jian Council.
   295 | D        | Found a deep blue altar of Sif Muna.
   297 | D        | Found a radiant altar of Vehumet.
   308 | D        | Found Zabo's Distillery.
   308 | D        | Found an ancient bone altar of Kikubaaqudgha.
   308 | D        | Found a hazy altar of Hepliaklqana.
   308 | D        | Found a stormy altar of Qazlal.
   308 | D        | Found a hide-covered altar of Uskayaw.
   308 | D        | Found a blossoming altar of Fedhas.
   308 | D        | Found a bloodstained altar of Trog.
   308 | D        | Found an iron altar of Okawaru.
   308 | D        | Found a basalt altar of Yredelemnul.
   308 | D        | Found a glowing golden altar of the Shining One.
   308 | D        | Found a snail-covered altar of Cheibriados.
   308 | D        | Found a sacrificial altar of Ru.
   308 | D        | Found a glowing silver altar of Zin.
   308 | D        | Found a shadowy altar of Dithmenos.
   308 | D        | Found a white marble altar of Elyvilon.
   308 | D        | Noticed a yak
   316 | D        | Killed a yak
   316 | D        | Reached skill level 10 in Unarmed Combat
   317 | D        | Found an opulent altar of Gozag.
   318 | D        | Found a sparkling altar of Nemelex Xobeh.
   324 | D        | Became a worshipper of Cheibriados the Contemplative
   324 | D        | Reached * piety under Cheibriados
   324 | D        | Reached ** piety under Cheibriados
   360 | D        | Found a viscous altar of Jiyva.
   360 | D        | Found a corrupted altar of Lugonu.
   360 | D        | Noticed a slime creature
   361 | D        | Found a burning altar of Makhleb.
   361 | D        | Found a shimmering altar of Xom.
   371 | D        | Killed a slime creature
   371 | D        | Reached skill level 10 in Dodging
   371 | D        | Your scales start taking on a golden yellow colour.
   371 | D        | Reached XP level 7. HP: 25/57 MP: 6/9
   371 | D        | Gained mutation: You are resistant to acid. (rCorr) [Yellow
                  | Draconian growth]
   550 | D        | Noticed a kobold demonologist
   551 | D        | Noticed a kobold demonologist
   552 | D        | Noticed a soul eater
   555 | D        | Noticed a neqoxec
   560 | D        | Killed a kobold demonologist
   566 | D        | Noticed an ice devil
   571 | D        | Mangled by an ice devil

Levels and vault maps discovered:
D:        dungeon_sprint_1 [red_sonja_temple_1, red_sonja_temple_small_1]

Skill      XL: |  1  2  3  4  5  6  7 |
---------------+----------------------+-----
Dodging        | 4 6 8 10 11 | 11.0
Unarmed Combat | 5 7 9 11 | 11.8
Invocations    | 3 6 |  6.0
Fighting       | |  3.2
Stealth        | |  1.7

Action                   |  1- 3 |  4- 6 |  7- 9 || total
-------------------------+-------+-------+-------++-------
Melee: Unarmed           |    15 |    35 |    16 ||    66
       Tailslap          |     2 |     8 |     6 ||    16
       Punch             |     1 |     3 |       ||     4
Invok: Bend Time         |       |       |     1 ||     1
 Abil: Breathe Acid      |       |       |     1 ||     1
  Use: Potion            |     2 |       |       ||     2
Armor: Skin              |     1 |     3 |     4 ||     8
Dodge: Dodged            |     7 |    18 |    29 ||    54

Table legend:
 A = Non-vault XP
 B = Vault XP
 C = Vault XP percentage of total XP
 D = Non-vault monster count
 E = Vault monster count
 F = Vault count percentage of total count
                 A         B        C        D         E       F
            +---------+---------+-------+---------+---------+-------
      Total |       0 |    1388 | 100.0 |       0 |       8 | 100.0
            +---------+---------+-------+---------+---------+-------
          D |       0 |    1388 | 100.0 |       0 |       8 | 100.0
            +---------+---------+-------+---------+---------+-------
